 Dungeon Crawl Stone Soup version 0.21.1-1-g345015f (webtiles) character file.

1 Goblin1989 the Insei (level 1, -1/15 HPs)
             Began as a Demonspawn Transmuter on Mar 7, 2018.
             Slain by a hobgoblin (4 damage)
             ... on level 1 of the Dungeon.
             The game lasted 00:00:38 (69 turns).

Goblin1989 the Insei (Demonspawn Transmuter)          Turns: 69, Time: 00:00:38

Health: -1/15      AC:  2    Str: 10    XL:     1   Next: 16%
Magic:  3/3        EV: 12    Int: 14    God:
Gold:   0          SH:  0    Dex: 13    Spells: 3/4 levels left

rFire    . . .     SeeInvis .     - Unarmed
rCold    . . .     Gourm    .   (no shield)
rNeg     . . .     Faith    .   b - +0 robe
rPois    .         Spirit   .   (no helmet)
rElec    .         Reflect  .   (no cloak)
rCorr    .         Harm     .   (no gloves)
MR       .....                  (no boots)
Stlth    +.........             (no amulet)
HPRegen  0.05/turn              (no ring)
MPRegen  0.08/turn              (no ring)

@: no status effects
A: no striking features
a: no special abilities


You were on level 1 of the Dungeon.
You were not hungry.

You visited 1 branch of the dungeon, and saw 1 of its levels.

Inventory:

Missiles
 a - 12 arrows
Armour
 b - a +0 robe (worn)
Books
 c - a book of Changes

   Spells                             Type                      Level
   a - Beastly Appendage              Transmutation                1
   b - Sticks to Snakes               Transmutation                2
   c - Spider Form                    Transmutation/Poison         3
   d - Ice Form                       Ice/Transmutation            4
   e - Blade Hands                    Transmutation                5
Comestibles
 e - a ration


   Skills:
 - Level 1.0 Fighting
 - Level 1.7 Dodging
 + Level 2.8 Unarmed Combat
 - Level 2.0 Spellcasting
 - Level 1.7 Transmutations


You had 3 spell levels left.
You knew the following spells:

 Your Spells              Type           Power        Failure   Level  Hunger
a - Beastly Appendage     Tmut           #.....       12%         1    ##.....


Dungeon Overview and Level Annotations

Branches:
Dungeon (1/15)

Altars:


Message History

Will you be the one to retrieve the fabulous Orb of Zot from the depths?
Press ? for a list of commands and other information.
Found a staircase leading out of the dungeon.
Unknown command.
A kobold comes into view.
You become a hellephant!
You become an anaconda!
You become the Enchantress!
You become an orc wizard!
You become a skeletal warrior!
You become an air elemental!
You become Erolcha!
You become a great orb of eyes!
You become a swamp dragon!
You become a ghost crab!
You become an unseen horror!
You become a rat!
You become a shadow!
You become Sonja!
You become a ball python!
You become a white imp!
You become a big kobold!
You become a shadow!
The kobold shouts!
You hit the kobold but do no damage. You closely miss the kobold.
The kobold closely misses you.
You hit the kobold.
The kobold is severely wounded.
The kobold hits you but does no damage.
You hit the kobold but do no damage.
The kobold is severely wounded.
The kobold closely misses you.
You hit the kobold.
You kill the kobold!
No target in view!
No target in view!
No target in view!
No target in view!
No target in view!
No target in view!
No target in view!
Found a stone staircase leading down.
You see here a hand axe.
A jackal and a hobgoblin come into view.
The hobgoblin shouts!
A jackal comes into view.
The jackal barks! x2
A jackal comes into view.
The hobgoblin misses you.
You closely miss the jackal.
The hobgoblin hits you but does no damage.
You closely miss the jackal. The hobgoblin hits you.
The jackal closely misses you. The jackal completely misses you.
You take 2 damage, and have 13/15 hp.
You hit the jackal.
The jackal is moderately wounded.
The jackal closely misses you. x2; The hobgoblin hits you.
The jackal barely misses you. The jackal closely misses you.
You take 3 damage, and have 10/15 hp.
You hit the jackal.
The jackal is almost dead.
The jackal closely misses you. x2; The hobgoblin hits you.
The jackal bites you but does no damage.
The jackal barely misses you.
You take 1 damage, and have 9/15 hp.
You are too injured to fight recklessly!
You are too injured to fight recklessly!
You are too injured to fight recklessly!
You are too injured to fight recklessly!
You are too injured to fight recklessly!
You are too injured to fight recklessly!
Unknown command.
The jackal bites you.
The jackal bites you but does no damage.
You take 1 damage, and have 8/15 hp.
You see here a hand axe.
You completely miss the hobgoblin. The hobgoblin hits you.
* * * LOW HITPOINT WARNING * * *
You take 4 damage, and have 5/15 hp.
MASSIVE DAMAGE!!
You hit the hobgoblin.
The hobgoblin is moderately wounded.
The hobgoblin closely misses you.
You hit the hobgoblin but do no damage.
The hobgoblin is moderately wounded.
The hobgoblin barely misses you.
You hit the hobgoblin.
The hobgoblin is severely wounded.
The hobgoblin misses you.
You barely miss the hobgoblin.
The hobgoblin is severely wounded.
The hobgoblin hits you.
* * * LOW HITPOINT WARNING * * *
You take 2 damage, and have 3/15 hp.
You hit the hobgoblin.
The hobgoblin is almost dead.
The hobgoblin closely misses you.
You hit the hobgoblin but do no damage.
The hobgoblin is almost dead.
The hobgoblin hits you.
You die... ████████████

██████.██.......█
██████.....█......██.█
█......>..█ █........█
..█........██ ██.......█
.....█...hhh███..†.....█
█........██.█@██...██.█
........█████g███...██.██
█........ █████........
█████.█..█ █....███...
█.....█ █.█...█ ██
...█.... █.██..█
█.█...... █ ██.██
█.██.█.███ ██.██ ██.█


You could see a hobgoblin.

Vanquished Creatures
  A kobold (D:1)
1 creature vanquished.

Notes
Turn   | Place    | Note
-------+----------+-------------------------------------------
     0 | D:1      | Goblin1989 the Demonspawn Transmuter began the quest for the Orb.
     0 | D:1      | Reached XP level 1. HP: 15/15 MP: 3/3
    69 | D:1      | Slain by a hobgoblin

Action                   || total
-------------------------++-------
Melee: Unarmed           ||    16
Armor: Robe              ||     4
Dodge: Dodged            ||    16

Vault maps used:
D:1:      nagdon_arrival_zigzag_paths
